 Dungeon Crawl Stone Soup version 0.25-a0-458-g6fc7858b95 (webtiles) character file.

Game seed: 15107481095754956813, levelgen mode: deterministic

2639 Jupotter the Blocker (level 9, -7/72 HPs)
             Began as a Formicid Fighter on Feb 2, 2020.
             Was a Follower of the Shining One.
             Mangled by a gnoll
             ... wielding a +0 spear of electrocution
              (13 damage)
             ... on level 7 of the Dungeon.
             The game lasted 00:30:59 (5743 turns).

Jupotter the Blocker (Formicid Fighter)             Turns: 5743, Time: 00:31:00

Health: -7/72      AC: 14    Str: 22    XL:     9   Next: 92%
Magic:  10/10      EV:  9    Int: 10    God:    the Shining One [*.....]
Gold:   322        SH: 11    Dex: 10    Spells: 8/8 levels left

rFire    . . .     SeeInvis +   a - +0 long sword
rCold    . . .     Gourm    .   c - +0 shield
rNeg     . . .     Faith    .   g - +0 plate armour
rPois    +         Spirit   .   (helmet unavailable)
rElec    .         Reflect  .   o - +0 cloak
rCorr    .         Harm     .   (no gloves)
MR       .....                  (no boots)
Stlth    ..........             k - amulet of regeneration {+regen, !d}
HPRegen  0.62/turn              p - +3 ring of evasion
MPRegen  0.12/turn              y - ring of poison resistance {rPois, !d}

@: lethally poisoned (-7 -> -8), glowing
A: permanent stasis, dig shafts and tunnels, four strong arms, antennae 3
a: Dig, Shaft Self, Renounce Religion


You were on level 7 of the Dungeon.
You worshipped the Shining One.
The Shining One was aware of your devotion.
You were not hungry.

You visited 2 branches of the dungeon, and saw 8 of its levels.

You collected 454 gold pieces.
You spent 132 gold pieces at shops.

Inventory:

Hand Weapons
 a - a +0 long sword (weapon)
 A - a +0 flail of holy wrath
Armour
 c - a +0 shield (worn)
 g - a +0 plate armour (worn)
 o - a +0 cloak (worn)
Jewellery
 k - an amulet of regeneration (around neck) {+regen, !d}
 n - an uncursed ring of protection from fire {rF+, !d}
 p - a +3 ring of evasion (left hand)
 y - a ring of poison resistance (right hand) {rPois, !d}
Wands
 t - a wand of flame (18)
 B - a wand of scattershot (4)
 G - a wand of paralysis (6)
 H - a wand of disintegration (10)
Scrolls
 b - a scroll of enchant armour {unknown}
 e - a scroll of enchant weapon {unknown}
 i - 3 scrolls of identify
 m - 4 scrolls of blinking {unknown}
 r - a scroll of fear
 z - a scroll of immolation {unknown}
 C - 3 scrolls of remove curse
 I - a scroll of amnesia {unknown}
 M - a scroll of magic mapping {!r}
Potions
 d - 3 potions of might
 h - a potion of invisibility {unknown}
 j - 3 potions of berserk rage {unknown}
 l - 2 potions of lignification {unknown}
 q - a potion of heal wounds
 s - 3 potions of curing
 u - a potion of resistance {unknown}
 w - a potion of brilliance {unknown}
 x - 2 potions of degeneration {unknown}
 D - 2 potions of flight {unknown}
 E - a potion of magic {unknown}
 F - a potion of agility {unknown}
Comestibles
 f - 9 rations


   Skills:
 + Level 7.5 Fighting
 - Level 5.5 Long Blades
 * Level 3.6 Maces & Flails
 + Level 7.5 Armour
 + Level 8.3 Shields
 + Level 2.2 Invocations


You had 8 spell levels left.
You didn't know any spells.
Your spell library contained the following spells:

 Spells                   Type           Power        Failure   Level  Hunger
 Animate Skeleton         Necr           N/A          100%        1    ##.....
 Apportation              Tloc           #.....       100%        1    ##.....
 Corona                   Hex            #......      100%        1    ##.....
 Magic Dart               Conj           #...         100%        1    ##.....
 Summon Small Mammal      Summ           #...         100%        1    ##.....
 Call Imp                 Summ           #.......     100%        2    ###....
 Slow                     Hex            #.......     100%        2    ###....
 Conjure Flame            Conj/Fire      #.......     100%        3    ####...
 Mephitic Cloud           Conj/Pois/Air  #.......     100%        3    ####...
 Blink                    Tloc           Unusable     N/A         2    N/A

Dungeon Overview and Level Annotations

Branches:
Dungeon (7/15)             Temple (1/1) D:5

Altars:
Ashenzari
Dithmenos
Elyvilon
Fedhas
Gozag
Hepliaklqana
Makhleb
Nemelex Xobeh
Okawaru
Qazlal
Ru
Sif Muna
Trog
Uskayaw
Vehumet
Yredelemnul
The Shining One

Shops:
D:4 !*!}   D:6 *

Annotations:
D:7 1 transporter, Grum; Yosebu's ghost, novice DsAK


Innate Abilities, Weirdness & Mutations

You cannot be hasted, slowed, berserked, paralysed or teleported.
You can dig through walls and to a lower floor.
Your four strong arms can wield two-handed weapons with a shield.
You have a pair of large antennae on your head. (SInv)


Message History

Your plate armour prevents you from hitting the gnoll sergeant.
You feel sick. The gnoll hits you but does no damage.
You block the gnoll sergeant's attack. The gnoll closely misses you.
You hit the gnoll sergeant but do no damage.
You feel sick.
The gnoll sergeant hits you with a +0 spear of chaos!
The gnoll sergeant freezes you. The gnoll hits you with a +0 club.
The gnoll hits you but does no damage.
You hit the gnoll sergeant.
The gnoll sergeant is moderately wounded.
You feel sick. The gnoll sergeant closely misses you.
You riposte.
You slice the gnoll sergeant!!
You kill the gnoll sergeant!
The gnoll zaps a wand.
You are blasted!
* * * LOW HITPOINT WARNING * * *
A gnoll opens the door.
The gnoll hits you from afar with a +0 spear of electrocution.
* * * LOW HITPOINT WARNING * * *
You are electrocuted!
You die...

#..≈≈≈≈≈≈≈≈≈≈≈...≈≈≈≈≈≈≈≈≈≈≈.
#####..≈≈≈≈≈≈≈≈≈≈≈...≈≈≈≈≈≈≈≈≈≈≈.
...##..≈≈#####...........#####≈≈.
...##..≈≈#.#.#.###.©.###.#.#.#≈≈.
...##..≈≈#...###.#####g###..g#≈≈.
.......≈≈###....g.......{..###≈≈.
.......≈≈.8#.######)######.#8.≈≈.
.......≈≈.##.#.⌠.#..8#{=$#.##.≈≈.
.......≈≈.#..gg)@..©⌠#{.?'..#.≈≈.
###...)≈≈.##.#.gP#..8#"{$#.##.≈≈.
#....≈≈.8#.######'######.#8.≈≈.
###..>.≈≈###....g...g... {.###≈≈.
.......≈≈#...###.#####©###{{.#≈≈.
.......≈≈#.#.#.###.©.###.#g#g#≈≈.
..#.(..≈≈#####...........#####≈≈.
.#####.≈≈≈≈≈≈≈≈≈≈≈≈≈≈≈≈≈≈≈≈≈≈≈≈≈.
.# ##.≈≈≈≈≈≈≈≈≈≈≈≈≈≈≈≈≈≈≈≈≈≈≈≈≈.


You could see 2 gnoll sergeants and 5 gnolls.

Vanquished Creatures
  Pikel (D:5)
  Edmund (D:6)
  2 ice beasts
  An orc warrior (D:6)
  4 centaurs
  2 ogres
  5 bullfrogs
  A gnoll sergeant (D:7)
  2 scorpions (D:7)
  A howler monkey (D:4)
  5 hounds
  An orc priest (D:6)
  4 orc wizards
  Jessica (D:3)
  A centaur skeleton (D:7)
  6 worker ants
  A hound skeleton (D:4)
  Robin (D:3)
  4 gnolls
  9 adders
  A shadow imp (D:6)
  2 oozes
  An adder skeleton (D:5)
  A worm (D:4)
  2 dart slugs
  3 leopard geckos
  19 orcs
  3 giant cockroaches
  11 hobgoblins
  13 jackals
  6 kobolds
  3 quokkas
  A ball python (D:2)
  9 bats
  5 frilled lizards
  15 goblins
  8 rats
156 creatures vanquished.

Vanquished Creatures (others)
  5 plants (D:7)
5 creatures vanquished.

Grand Total: 161 creatures vanquished

Notes
Turn   | Place    | Note
-------+----------+-------------------------------------------
     0 | D:1      | Jupotter the Formicid Fighter began the quest for the Orb.
     0 | D:1      | Reached XP level 1. HP: 18/18 MP: 1/1
   208 | D:1      | Reached XP level 2. HP: 13/24 MP: 2/2
  1139 | D:2      | Reached skill level 4 in Shields
  1139 | D:2      | Reached XP level 3. HP: 29/29 MP: 3/3
  1433 | D:2      | Found a radiant altar of Vehumet.
  1434 | D:2      | Reached XP level 4. HP: 37/37 MP: 4/4
  2227 | D:3      | Reached XP level 5. HP: 42/42 MP: 5/5
  2443 | D:3      | Found a bloodstained altar of Trog.
  2538 | D:3      | Noticed Jessica
  2544 | D:3      | Killed Jessica
  2669 | D:3      | Found a basalt altar of Yredelemnul.
  2777 | D:3      | Noticed Robin
  2825 | D:3      | Killed Robin
  3088 | D:4      | Found Rofify Rike's Distillery.
  3102 | D:4      | Bought a potion of heal wounds for 65 gold pieces
  3102 | D:4      | Bought a potion of curing for 39 gold pieces
  3161 | D:4      | Reached XP level 6. HP: 49/49 MP: 6/6
  3196 | D:4      | Reached skill level 5 in Shields
  3262 | D:4      | Found Banifeb's General Store.
  3267 | D:4      | Bought a scroll of identify for 28 gold pieces
  3291 | D:4      | Found Hunk's Distillery.
  3493 | D:4      | Found Liphove's Gadget Boutique.
  3605 | D:5      | Entered Level 5 of the Dungeon
  3605 | D:5      | Found a stormy altar of Qazlal.
  3700 | D:5      | Reached XP level 7. HP: 51/55 MP: 7/7
  3722 | D:5      | Found a staircase to the Ecumenical Temple.
  3733 | D:5      | Reached skill level 5 in Fighting
  3733 | D:5      | Reached skill level 5 in Armour
  3759 | Temple   | Entered the Ecumenical Temple
  3860 | Temple   | Became a worshipper of the Shining One
  4010 | D:5      | Noticed Pikel
  4032 | D:5      | Killed Pikel
  4032 | D:5      | Reached skill level 5 in Long Blades
  4032 | D:5      | Reached skill level 6 in Shields
  4032 | D:5      | Reached XP level 8. HP: 25/64 MP: 8/8
  4419 | D:6      | Reached skill level 7 in Shields
  4495 | D:6      | Noticed Edmund
  4511 | D:6      | Killed Edmund
  4511 | D:6      | Reached XP level 9. HP: 71/71 MP: 9/9
  4741 | D:6      | Found Ihat's General Store.
  4746 | D:6      | Reached skill level 1 in Maces & Flails
  4773 | D:6      | Found a shattered altar of Ashenzari.
  5237 | D:7      | Reached skill level 8 in Shields
  5267 | D:7      | Reached skill level 1 in Invocations
  5400 | D:7      | Noticed Grum
  5412 | D:7      | Reached * piety under the Shining One
  5429 | D:7      | Found a transporter.
  5441 | D:7      | Noticed Yosebu's ghost (novice DsAK)
  5494 | D:7      | Found a transporter.
  5743 | D:7      | Mangled by a gnoll

Levels and vault maps discovered:
D:1:      nzn_arrival_water_spiral, layout_loops_corners, palyth_stone_intersect
D:2:      layout_loops_ring, overflow_temple_1_default
D:3:      layout_basic, marbit_many_paths, overflow_temple_1_default,
          uniq_robin, uniq_jessica
D:4:      layout_basic, serial_shops, shop, shop, kennysheep_little_box, shop,
          first_ration
D:5:      layout_basic, nicolae_qazlal_general_emergency,
          minmay_temple_entry_waves, uniq_pikel
D:6:      layout_loops_ring, serial_shops, shop_fountains, minmay_ruined_shrine,
          uniq_edmund
D:7:      layout_rooms, gammafunk_ghost_gnarly_gnolls
Temple:   dshaligram_water_room_temple

Skill      XL: |  1  2  3  4  5  6  7  8  9 |
---------------+----------------------------+-----
Shields        | 4 5 6 7 8 |  8.3
Armour         | 4 6 7 |  7.5
Fighting       | 4 6 7 |  7.5
Long Blades    | 3 5 |  5.5
Maces & Flails | 3 |  3.6
Invocations    | 2 |  2.2

Action                   |  1- 3 |  4- 6 |  7- 9 || total
-------------------------+-------+-------+-------++-------
Melee: Long sword        |   117 |   233 |   261 ||   611
       Flail             |       |       |   102 ||   102
Evoke: Wand              |       |       |     3 ||     3
  Use: Scroll            |       |     7 |       ||     7
       Potion            |       |       |     1 ||     1
  Eat: Chunk             |     2 |     8 |     7 ||    17
Armor: Scale mail        |    52 |    98 |    18 ||   168
       Plate armour      |       |       |   193 ||   193
Dodge: Dodged            |    32 |   101 |   150 ||   283
Block: Shield            |    69 |   136 |   231 ||   436
       Rpst.: Long sword |    10 |    36 |    30 ||    76

Table legend:
 A = Non-vault XP
 B = Vault XP
 C = Vault XP percentage of total XP
 D = Non-vault monster count
 E = Vault monster count
 F = Vault count percentage of total count
                 A         B        C        D         E       F
            +---------+---------+-------+---------+---------+-------
      Total |    2587 |    1183 |  31.4 |     132 |      24 |  15.4
            +---------+---------+-------+---------+---------+-------
        D:1 |      28 |       0 |   0.0 |      17 |       0 |   0.0
        D:2 |      80 |       0 |   0.0 |      26 |       0 |   0.0
        D:3 |      41 |      77 |  65.3 |      16 |      14 |  46.7
        D:4 |     162 |       0 |   0.0 |      12 |       0 |   0.0
        D:5 |     521 |     651 |  55.5 |      15 |       1 |   6.2
        D:6 |     787 |     357 |  31.2 |      33 |       7 |  17.5
        D:7 |     968 |      98 |   9.2 |      13 |       2 |  13.3
            +---------+---------+-------+---------+---------+-------
